 Dungeon Crawl Stone Soup version 0.28.0-45-g0d030f2227 (webtiles) character file.

Game seed: 9564228940476164062

29587 Bruhh the Fighter (level 13, -1/103 HPs)
             Began as a Djinni Cinder Acolyte on Apr 24, 2022.
             Was a Believer of Ignis.
             Killed from afar by a catoblepas (5 damage)
             ... with a blast of calcifying dust
             ... while petrified by a catoblepas
             ... on level 4 of the Lair of Beasts.
             The game lasted 00:58:42 (24227 turns).

Bruhh the Fighter (Djinni Cinder Acolyte)          Turns: 24227, Time: 00:58:42

Health: -1/103     AC:  5    Str: 13    XL:     13   Next: 82%
Gold:   2014       EV:  2    Int: 21    God:    Ignis [**....] SH:  0 Dex: 15

rFire   + + +      SeeInvis .   a - -1 falchion (flame)
rCold   . . .      Faith    .   (no shield)
rNeg    + + +      Spirit   .   D - +1 troll leather armour
rPois   ∞          Reflect  +   (no helmet)
rElec   .          Harm     .   (no cloak)
rCorr   .          Rampage  .   (no gloves)
Will    ++...                   (boots unavailable)
Stlth   +.........              c - amulet "Qitsok" {Reflect Will+ SH+5}
HPRegen 1.07/turn               j - +6 ring of dexterity
MPRegen 0.00/turn               e - ring of protection from cold

@: petrified, flying
A: sickness immunity, fire resistance 2, cold vulnerability 1, float, innate
caster, HP casting, extra vitality 1, mutation resistance 1, screaming 1
a: Renounce Religion, Fiery Armour, Foxfire Swarm


You were on level 4 of the Lair of Beasts.
You worshipped Ignis.
Ignis was pleased with you.
You visited 2 branches of the dungeon, and saw 15 of its levels.

You collected 2014 gold pieces.

Inventory:

Hand Weapons
 a - a -1 falchion of flaming (weapon)
Armour
 b - a +0 robe
 y - a +1 cloak
 D - a +1 troll leather armour (worn)
 H - an orb of light
Jewellery
 c - the amulet "Qitsok" (around neck) {Reflect Will+ SH+5}
   (You acquired it on level 3 of the Dungeon)

   [amulet of reflection]

   It reflects blocked missile attacks.
   SH:        It affects your SH (+5).
   Will:      It increases your willpower.
 e - a ring of protection from cold (right hand)
 i - a ring of positive energy
 j - a +6 ring of dexterity (left hand)
 l - a ring of protection from cold
 n - a ring of positive energy
 C - a ring of fire
 E - a ring of ice
Wands
 u - a wand of polymorph (14)
 v - a wand of digging (5)
 x - a wand of iceblast (9)
 J - a wand of acid (6)
 K - a wand of paralysis (4)
Scrolls
 d - 3 scrolls of torment
 g - a scroll of noise
 k - 4 scrolls of teleportation
 q - a scroll of vulnerability
 r - 3 scrolls of enchant weapon
 s - 8 scrolls of identify
 t - a scroll of amnesia
 w - a scroll of fog
 B - a scroll of blinking {unknown}
 I - a scroll of enchant armour
 M - a scroll of magic mapping {unknown}
Potions
 f - 5 potions of curing
 h - 3 potions of resistance
 m - 3 potions of mutation
 o - 2 potions of lignification {unknown}
 p - 2 potions of magic
 z - 2 potions of attraction {unknown}
 A - a potion of cancellation {unknown}
 F - 3 potions of heal wounds {unknown}
 G - a potion of haste
 L - a potion of ambrosia {unknown}
 N - 2 potions of brilliance {unknown}


   Skills:
 - Level 13.1 Fighting
 - Level 2.6 Long Blades
 * Level 8.5 Dodging
 - Level 12.0 Spellcasting
 - Level 8.0 Evocations


You had 16 spell levels left.
You knew the following spells:

 Your Spells              Type           Power      Damage    Failure   Level
a - Scorch                Fire           100%       2d10      1%          2
b - Shock                 Conj/Air       100%       1d9       1%          1
c - Call Imp              Summ           58%        N/A       1%          2
d - Inner Flame           Hex/Fire       58%        N/A       1%          3
e - Call Canine Familiar  Summ           58%        N/A       1%          3
f - Sticky Flame          Conj/Fire      58%        2d7       1%          4
g - Summon Forest         Summ/Tloc      29%        N/A       1%          5
Your spell library was empty.

Dungeon Overview and Level Annotations

Branches:
Dungeon (11/15)            Temple (0/1) D:5            Lair (4/6) D:11
    Orc (0/2) D:10
  Swamp: Lair:2-4    Shoals: Lair:2-4     Snake: Lair:2-4    Spider: Lair:2-4

Altars:
Ashenzari
Gozag
The Shining One

Shops:
D:1 ?   D:8 *

Annotations:
D:2 1 runed translucent door, Crazy Yiuf
D:10 Peloso's ghost, novice MiFi


Innate Abilities, Weirdness & Mutations

You are immune to sickness and miasma.
You are immune to poison.
Your flesh is very heat resistant. (rF++)
You are vulnerable to cold. (rC-)
You float through the air rather than walking.
You learn spells naturally, not from books.
Your magical power is your life essence.
You have superior vitality. (+4 MHP)
You are somewhat resistant to further mutation.
You occasionally shout uncontrollably at your foes.


Message History

Casting: Scorch (safe; 1% risk of failure)
Confirm with . or Enter, or press ? or * to list all spells.
Flames lash the catoblepas.
The catoblepas is burned terribly!
Flame seeps out of the catoblepas.
The catoblepas is heavily wounded.
You are engulfed in calcifying dust.
You are slowing down.
The catoblepas is engulfed in blazing flames.
Flame seeps out of the catoblepas.
The catoblepas breathes a plume of calcifying dust at you.
The blast of calcifying dust hits you!
Casting: Scorch (safe; 1% risk of failure)
Confirm with . or Enter, or press ? or * to list all spells.
Flames lash the catoblepas.
The catoblepas is burned terribly!
Flame seeps out of the catoblepas.
The catoblepas is almost dead.
You are engulfed in calcifying dust.
Your limbs have turned to stone.
The catoblepas is engulfed in blazing flames.
Flame seeps out of the catoblepas.
The catoblepas breathes a plume of calcifying dust at you.
The blast of calcifying dust hits you!
* * * LOW HITPOINT WARNING * * *
You have turned to stone.
You are engulfed in calcifying dust.
The catoblepas gores you!
* * * LOW HITPOINT WARNING * * *
You are engulfed in calcifying dust.
The catoblepas gores you!!
* * * LOW HITPOINT WARNING * * *
You are engulfed in calcifying dust.
The catoblepas gores you!
* * * LOW HITPOINT WARNING * * *
The catoblepas breathes a plume of calcifying dust at you.
The blast of calcifying dust hits you.
* * * LOW HITPOINT WARNING * * *
You are engulfed in calcifying dust.
The catoblepas breathes a plume of calcifying dust at you.
The blast of calcifying dust hits you!
You die...

##.... #...# ########
###...# #P...#.###
##.#...###
##........###........#
#..#.####.#.)...........
##..#.##..#...#.P.......
#....†....†........##..
#..<##@Y.†....#...... .
#.....#......####.....
#........P...# ##....
#...##....#....# ....
##.. #..##..#.#..
#......####...##..
###...#. ...#. .. ##.. .
.# . ### ..


You could see a catoblepas (inner flame, combustible).

Vanquished Creatures
  Kirke (Lair:4)
  2 hydras (Lair:4)
  5 two-headed ogres
  Urug (Lair:1)
  Pikel (D:5)
  An ugly thing (D:11)
  6 elephants (Lair:2)
  A manticore (D:11)
  2 black mambas
  Maggie (Lair:2)
  Joseph (D:9)
  7 cane toads
  A rime drake (Lair:2)
  A kobold demonologist (D:10)
  5 komodo dragons
  A troll (D:11)
  A hornet (D:9)
  Prince Ribbit (D:5)
  5 blink frogs
  A culicivora (Lair:4)
  Sigmund (D:6)
  2 wyverns
  A hog (Lair:4)
  7 basilisks
  27 yaks
  3 steam dragons
  2 wargs (D:10)
  An acid dragon (D:11)
  8 water moccasins
  2 sky beasts
  5 orc warriors (D:10)
  3 black bears
  3 ogres
  9 wolves (Lair:1)
  2 centaurs
  3 lemures (D:5)
  2 phantoms (D:4)
  2 kobold brigands
  The ghost of CryoSword the Ruffian, an amateur VSTm (D:3)
  9 bullfrogs
  4 scorpions
  A water moccasin skeleton (D:7)
  4 killer bees
  3 wights (D:7)
  2 vampire bats (Lair:1)
  A howler monkey (D:11)
  5 electric eels (Lair:1)
  A bullfrog zombie (D:6)
  3 centaur zombies
  2 hounds
  3 orc priests
  A gnoll shaman (D:7)
  2 jellies (D:5)
  5 iguanas
  9 orc wizards
  A killer bee zombie (D:7)
  A hound skeleton (D:5)
  2 howler monkey zombies
  3 gnolls (D:7)
  8 adders
  A white imp (D:7)
  An ufetubus (D:4)
  3 worms
  2 dart slugs
  34 orcs
  8 endoplasms
  2 giant cockroaches
  13 goblins
  A hobgoblin (D:4)
  5 jackals (D:2)
  18 kobolds
  4 quokkas
  4 ball pythons
  10 bats
  3 frilled lizards
  7 rats
315 creatures vanquished.

Vanquished Creatures (collateral kills)
  2 two-headed ogres
  A blink frog (Lair:3)
  2 yaks
  2 orc wizards
  2 orcs (D:8)
9 creatures vanquished.

Vanquished Creatures (others)
  A culicivora (Lair:4)
  A human (Lair:4)
  122 foxfires
  16 fungi
  82 plants
222 creatures vanquished.

Grand Total: 546 creatures vanquished

Notes
Turn   | Place    | Note
-------+----------+-------------------------------------------
     0 | D:1      | Bruhh the Djinni Cinder Acolyte began the quest for the
                  | Orb.
     0 | D:1      | Reached XP level 1. HP: 20/20 MP: 0/0
   190 | D:1      | Found Fyffera's Magic Scroll Emporium.
   370 | D:1      | Reached XP level 2. HP: 21/25 MP: 0/0
  1104 | D:1      | Reached XP level 3. HP: 25/30 MP: 0/0
  1104 | D:1      | Learned a level 1 spell: Shock
  2249 | D:2      | Found a runed translucent door.
  2250 | D:2      | Noticed Crazy Yiuf
  2451 | D:2      | Reached XP level 4. HP: 30/35 MP: 0/0
  3376 | D:3      | Found a runed translucent door.
  3400 | D:3      | Noticed CryoSword's ghost (amateur VSTm)
  3587 | D:3      | Reached XP level 5. HP: 31/40 MP: 0/0
  3587 | D:3      | Learned a level 2 spell: Call Imp
  3980 | D:3      | Killed CryoSword's ghost
  4440 | D:4      | Reached XP level 6. HP: 3/46 MP: 0/0
  5075 | D:4      | Reached skill level 5 in Spellcasting
  5686 | D:3      | Gained mutation: You occasionally shout uncontrollably at
                  | your foes. [potion of mutation]
  5686 | D:3      | Gained mutation: You are somewhat resistant to further
                  | mutation. [potion of mutation]
  5691 | D:3      | Identified a scroll of acquirement
  5698 | D:3      | Acquired the amulet "Qitsok" {Reflect Will+ SH+5}
  5735 | D:4      | Reached XP level 7. HP: 39/50 MP: 0/0
  5735 | D:4      | Learned a level 3 spell: Inner Flame
  6851 | D:5      | Entered Level 5 of the Dungeon
  6851 | D:5      | Found a broken altar of Ashenzari.
  6952 | D:5      | Reached XP level 8. HP: 45/56 MP: 0/0
  7077 | D:5      | Found a staircase to the Ecumenical Temple.
  7422 | D:5      | Noticed Prince Ribbit
  7425 | D:5      | Killed Prince Ribbit
  7783 | D:5      | Noticed Pikel
  7792 | D:5      | Killed Pikel
  7793 | D:5      | Reached XP level 9. HP: 28/60 MP: 0/0
  7793 | D:5      | Learned a level 3 spell: Call Canine Familiar
  8347 | D:5      | Acquired 1082 gold pieces
  8761 | D:6      | Noticed Sigmund
  8775 | D:6      | Killed Sigmund
  8976 | D:6      | Reached skill level 10 in Spellcasting
  9185 | D:6      | Found a glowing golden altar of the Shining One.
  9510 | D:7      | Reached skill level 4 in Fighting
  9917 | D:7      | Reached XP level 10. HP: 51/69 MP: 0/0
 10252 | D:7      | Reached skill level 5 in Fighting
 11790 | D:7      | Reached skill level 6 in Fighting
 12696 | D:8      | Reached skill level 7 in Fighting
 12837 | D:8      | Found Weattuor's Overcharged Wands.
 13333 | D:9      | Noticed a two-headed ogre
 14203 | D:8      | Killed a two-headed ogre
 14204 | D:8      | Reached skill level 8 in Fighting
 14452 | D:9      | Noticed a two-headed ogre
 14458 | D:9      | Killed a two-headed ogre
 14459 | D:9      | Reached skill level 9 in Fighting
 14527 | D:9      | Noticed a two-headed ogre
 14536 | D:9      | Killed a two-headed ogre
 14537 | D:9      | Reached skill level 10 in Fighting
 14537 | D:9      | Reached XP level 11. HP: 35/86 MP: 0/0
 14537 | D:9      | Learned a level 4 spell: Sticky Flame
 14860 | D:9      | Noticed a two-headed ogre
 14868 | D:9      | Killed a two-headed ogre
 14869 | D:9      | Reached skill level 11 in Fighting
 15243 | D:9      | Noticed Joseph
 15250 | D:9      | Killed Joseph
 15822 | D:10     | Entered Level 10 of the Dungeon
 16565 | D:10     | Noticed a two-headed ogre
 16570 | D:10     | Killed a two-headed ogre
 16571 | D:10     | Reached skill level 12 in Fighting
 16774 | D:10     | Found a runed translucent gate.
 16774 | D:10     | Found an opulent altar of Gozag.
 16775 | D:10     | Found a runed translucent gate.
 16775 | D:10     | Found a runed translucent gate.
 16778 | D:10     | Noticed Peloso's ghost (novice MiFi)
 16778 | D:10     | Noticed a green ugly thing
 17219 | D:10     | Found a staircase to the Orcish Mines.
 17304 | D:10     | Reached skill level 13 in Fighting
 18057 | D:10     | Noticed a catoblepas
 18414 | D:10     | Reached skill level 1 in Evocations
 18636 | D:11     | Found a gate leading to a gauntlet.
 18679 | D:11     | Noticed a two-headed ogre
 18683 | D:11     | Killed a two-headed ogre
 18684 | D:11     | Reached XP level 12. HP: 92/98 MP: 0/0
 19097 | D:11     | Noticed a two-headed ogre
 19105 | D:11     | Killed a two-headed ogre
 19141 | D:11     | Found a staircase to the Lair.
 19155 | D:11     | Reached skill level 5 in Evocations
 19337 | Lair:1   | Entered Level 1 of the Lair of Beasts
 20518 | Lair:1   | Noticed Urug
 20522 | Lair:1   | Killed Urug
 20553 | Lair:1   | Identified the +8 chain mail of Jalocs {-Cast Harm Stlth+}
 21145 | Lair:2   | Noticed Maggie
 21153 | Lair:2   | Killed Maggie
 21289 | Lair:2   | Reached XP level 13. HP: 84/103 MP: 0/0
 21289 | Lair:2   | Learned a level 5 spell: Summon Forest
 21646 | Lair:2   | Reached skill level 1 in Dodging
 22522 | Lair:3   | Reached skill level 5 in Dodging
 23883 | Lair:4   | Noticed a catoblepas
 24116 | Lair:4   | Noticed an eight-headed hydra
 24122 | Lair:4   | Killed an eight-headed hydra
 24122 | Lair:4   | Noticed Kirke
 24123 | Lair:4   | Noticed a six-headed hydra
 24136 | Lair:4   | Killed a six-headed hydra
 24139 | Lair:4   | Killed Kirke
 24208 | Lair:4   | Noticed a catoblepas
 24225 | Lair:4   | HP: 5/103 [catoblepas (8)]
 24227 | Lair:4   | Killed from afar by a catoblepas

Illustrated notes

Levels and vault maps discovered:
D:1:      giann_bridges, layout_loops_corners, serial_shops, shop,
          amcnicky_mini_pool_small, hangedman_decor_growths,
          chequers_serial_rivers_large_a
D:2:      layout_basic, uniq_crazy_yiuf_cottage
D:3:      layout_loops_cross, hellmonk_ghost_happy_afterlife
D:4:      layout_cave_pools
D:5:      layout_basic, ashenzari_altar_1, minmay_temple_entry_large_hall,
          uniq_pikel, uniq_prince_ribbit1
D:6:      layout_basic, marbit_many_paths, uniq_sigmund
D:7:      layout_basic, minmay_misc_feat_hallway, grunt_decor_arrowhead,
          kennysheep_generic_room_7
D:8:      layout_rooms, nicolae_shop_overcharged_wands
D:9:      layout_big_octagon, uniq_joseph
D:10:     layout_long_grid, david_orc_1_choice, ebering_ghost_gozag
D:11:     layout_loops_cross, lair_entry_dummy, gauntlet_entry_generic
Lair:1:   layout_long_grid, serial_bayou, serial_bayou_lake_a,
          serial_bayou_shore_b, serial_bayou_ford_a, serial_bayou_crossing,
          serial_bayou_lagoon_a, serial_bayou_pond_b, st_stairs_7,
          roderic_batcave, uniq_urug
Lair:2:   layout_layer_cave, grunt_megastairs_4, serial_bayou_shore_b,
          uniq_maggie
Lair:3:   layout_regular_city, minmay_holes, infiniplex_staircase_pool_2
Lair:4:   layout_loops_ring, shoals_dummy_entry,
          hellmonk_spider_entry_life_and_decay, uniq_kirke

Skill      XL: |  1  2  3  4  5  6  7  8  9 10 11 12 13 |
---------------+----------------------------------------+-----
Spellcasting   | 3 4 5 6 9 10 11 12 | 12.0
Fighting       | 4 10 13 | 13.1
Evocations     | 3 8 |  8.0
Dodging        | 8 |  8.5
Long Blades    | |  2.6

Action                   |  1- 3 |  4- 6 |  7- 9 | 10-12 | 13-15 || total
-------------------------+-------+-------+-------+-------+-------++-------
Melee: Falchion          |    24 |     2 |     1 |    35 |     4 ||    66
       Punch             |     1 |       |       |       |       ||     1
 Cast: Scorch            |    35 |    59 |    86 |   298 |    91 ||   569
       Shock             |     2 |       |    14 |    23 |     2 ||    41
       Call Imp          |       |     1 |     2 |       |       ||     3
       Inner Flame       |       |       |     6 |    40 |    19 ||    65
       Call Canine Famil |       |       |     5 |    11 |       ||    16
       Sticky Flame      |       |       |       |     4 |     1 ||     5
       Summon Forest     |       |       |       |       |     2 ||     2
Invok: Foxfire Swarm     |       |     1 |     1 |     4 |       ||     6
       Rising Flame      |       |       |       |     1 |       ||     1
Evoke: Wand              |       |       |       |     1 |       ||     1
  Use: Scroll            |       |     7 |     3 |     7 |       ||    17
       Potion            |       |     3 |     1 |       |       ||     4
Armor: Robe              |     2 |     3 |     3 |    17 |       ||    25
       Troll leather arm |       |       |       |    23 |     7 ||    30
Dodge: Dodged            |    21 |     8 |    20 |    97 |    25 ||   171
Block: Other             |       |       |     7 |    44 |    10 ||    61
       Reflection        |       |       |     1 |     4 |       ||     5
